 Dungeon Crawl Stone Soup version 0.31.0-1-g2c135a008e (webtiles) character file.

Game seed: 7875141227819431722

42 qw the Shooter (level 3, -5/29 HPs)
             Began as a Djinni Hunter on Jan 23, 2024.
             Killed from afar by Sigmund (8 damage)
             ... with a magic dart
             ... on level 2 of the Dungeon.
             The game lasted 00:00:03 (403 turns).

qw the Shooter (Djinni Hunter)                       Turns: 403, Time: 00:00:03

Health: -5/29      AC:  3    Str: 10    XL:     3   Next: 80%
Gold:   39         EV: 12    Int: 10    God:
                   SH:  0    Dex: 18

rFire   + + +        a - +0 shortbow
rCold   . . .        (shield currently unavailable)
rNeg    . . .        c - +0 leather armour
rPois   inf          (no helmet)
rElec   +            (no cloak)
rCorr   +            (no gloves)
SInv    .            (boots unavailable)
Will    .....        (no amulet)
Stlth   ++           (no ring)
HPRegen 0.24/turn    (no ring)
MPRegen 0.00/turn

%: infuse magic (-6 HP)
@: resistant, flying
A: sickness immunity, fire resistance 2, cold vulnerability 1, float, innate
caster, HP casting, extra vitality 1
a: no special abilities


You were on level 2 of the Dungeon.
You visited 1 branch of the dungeon, and saw 2 of its levels.

You collected 39 gold pieces.


Innate Abilities, Weirdness & Mutations

You are immune to sickness and miasma.
You are immune to poison.
Your flesh is very heat resistant. (rF++)
You are vulnerable to cold. (rC-)
You float through the air rather than walking.
You learn spells naturally, not from books.
Your magical power is your life essence.
You have superior vitality. (+4 MHP)


   Skills:
 + Level 2.7 Fighting
 - Level 4.0 Ranged Weapons
 - Level 2.1 Dodging
 - Level 0.7 Stealth


You knew the following spells:

 Your Spells              Type           Power      Damage    Failure   Level
a - Slow                  Hex            0%         N/A       45%         1
Your spell library was empty.

Inventory:

Hand Weapons
 a - a +0 shortbow (weapon)
Armour
 c - a +0 leather armour (worn)
Potions
 d - a potion of cancellation

Dungeon Overview and Level Annotations

Branches:
Dungeon (2/15)

Altars:

Annotations:
D:2 Sigmund


Message History

Deactivating autopickup; reactivate with Ctrl-A.
The adder barely misses you. The adder bites you. Something barely misses you.
The adder closely misses you. The adder bites you. Something hits you.
The adder bites you.
395 ||| DRINKING potion of heal wounds.
You feel much better.
You feel less confused. Something completely misses you.
The adder bites you but does no damage.
You shoot an arrow. The arrow closely misses the adder.
The adder bites you. Something hits you. The adder closely misses you.
You shoot an arrow. The arrow hits the adder.
The adder is moderately wounded.
The adder bites you.
You shoot an arrow. The arrow hits the adder.
The adder is severely wounded.
The adder bites you but does no damage. Something hits you!
The adder closely misses you.
You shoot an arrow.
The arrow hits the adder but does no damage.
The adder is severely wounded.
The adder bites you but does no damage. Something hits you but does no damage.
The adder misses you.
You shoot an arrow. The arrow hits the adder!
You kill the adder!
You hear a zap.
A puff of flame appears from out of thin air!
The puff of flame hits you. You resist.
You shoot an arrow.
A magic dart appears from out of thin air!
The magic dart hits you!
You shoot an arrow.
You hear some strange, mumbled words.
Something tries to affect you, but you resist.
You hear a zap.
A puff of flame appears from out of thin air!
The puff of flame hits you. You resist.
You shoot an arrow.
A magic dart appears from out of thin air!
The magic dart hits you!
You die...

....?......#.#
.............#
.............#
.............##
.....[........#
............#
.......<...#
.........)##
).......{%@#
...>..######
....#. b.....
..... #$[#.


There were no monsters in sight!

Vanquished Creatures
  An adder (D:2)
  A dart slug (D:1)
  3 endoplasms (D:1)
  3 goblins (D:1)
  3 hobgoblins (D:1)
  4 jackals (D:1)
  2 quokkas (D:1)
  2 ball pythons
  3 bats (D:1)
  A frilled lizard (D:1)
  2 kobolds
  5 rats (D:1)
30 creatures vanquished.

Notes
Turn   | Place    | Note
-------+----------+-------------------------------------------
     0 | D:1      | qw the Djinni Hunter began the quest for the Orb.
     0 | D:1      | Reached XP level 1. HP: 18/18 MP: 0/0
     0 | D:1      | 0 ||| qw: Version: 0.3-a-134-g2ba4250
     0 | D:1      | 0 ||| qw: Game counter: 776
     0 | D:1      | 0 ||| qw: Melee chars always use a shield: true
     0 | D:1      | 0 ||| qw: God list: Okawaru
     0 | D:1      | 0 ||| qw: Allow faded altars: false
     0 | D:1      | 0 ||| qw: Do Orc after clearing Dungeon:15 true
     0 | D:1      | 0 ||| qw: Do second Lair branch before Depths: true
     0 | D:1      | 0 ||| qw: Lair rune preference: random
     0 | D:1      | 0 ||| qw: Goals: Normal
     0 | D:1      | 0 ||| PLANNING D:1-11
     8 | D:1      | 8 ||| RETREEEEATING.
    10 | D:1      | 10 ||| RETREEEEATING.
    19 | D:1      | Reached XP level 2. HP: 23/23 MP: 0/0
   140 | D:1      | Reached XP level 3. HP: 28/28 MP: 0/0
   140 | D:1      | Learned a level 1 spell: Slow
   148 | D:1      | Reached skill level 4 in Ranged Weapons
   362 | D:1      | 362 ||| READING 2 scrolls labelled EPNU POQUORUEC.
   362 | D:1      | 362 ||| IDENTIFYING viscous puce potion
   363 | D:1      | 363 ||| READING scroll of identify.
   363 | D:1      | 363 ||| IDENTIFYING bubbling clear potion
   364 | D:1      | 364 ||| READING scroll labelled ACHIAGH PUEN.
   365 | D:1      | 365 ||| DROPPING scroll of butterflies.
   381 | D:2      | Noticed Sigmund
   383 | D:2      | 383 ||| RETREEEEATING.
   384 | D:2      | 384 ||| RETREEEEATING.
   385 | D:2      | 385 ||| RETREEEEATING.
   390 | D:2      | 390 ||| DRINKING puce potion.
   394 | D:2      | HP: 7/29 [something (5)]
   395 | D:2      | 395 ||| DRINKING potion of heal wounds.
   401 | D:2      | HP: 3/29 [something/magic dart (7)]
   403 | D:2      | Killed from afar by Sigmund

Levels and vault maps discovered:
D:1:      scummos_arrival_simple_fountains, layout_rooms
D:2:      layout_rooms, uniq_sigmund

Skill      XL: |  1  2  3 |
---------------+----------+-----
Ranged Weapons | 4 |  4.0
Fighting       | |  2.7
Dodging        | |  2.1
Stealth        | |  0.7

Action                     || total
---------------------------++-------
   Fire: Shortbow          ||    79
    Use: Scroll            ||     3
         Potion            ||     2
 Armour: Leather armour    ||    34
  Dodge: Dodged            ||    34

Table legend:
 A = Non-vault XP
 B = Vault XP
 C = Vault XP percentage of total XP
 D = Non-vault monster count
 E = Vault monster count
 F = Vault count percentage of total count
                 A         B        C        D         E       F
            +---------+---------+-------+---------+---------+-------
      Total |      61 |       0 |   0.0 |      30 |       0 |   0.0
            +---------+---------+-------+---------+---------+-------
        D:1 |      46 |       0 |   0.0 |      27 |       0 |   0.0
        D:2 |      15 |       0 |   0.0 |       3 |       0 |   0.0
            +---------+---------+-------+---------+---------+-------
